 Dungeon Crawl Stone Soup version 0.28-b1-25-g9875b3fc8c (webtiles) character file.

Game seed: 14687680380109337299

262 crazypyro the Cudgeller (level 5, -3/46 HPs)
             Began as a Minotaur Fighter on Feb 2, 2022.
             Slain by reversiblehash's ghost (10 damage)
             ... on level 3 of the Dungeon.
             The game lasted 00:02:22 (2479 turns).

crazypyro the Cudgeller (Minotaur Fighter)          Turns: 2479, Time: 00:02:22

Health: -3/46      AC: 10    Str: 22    XL:     5   Next: 97%
Magic:  4/4        EV: 10    Int:  5    God:
Gold:   85         SH:  4    Dex: 10    Spells: 4/4 levels left

rFire   . . .      SeeInvis .   a - +0 flail
rCold   . . .      Faith    .   c - +0 buckler
rNeg    . . .      Spirit   .   b - +0 scale mail
rPois   .          Reflect  .   (helmet restricted)
rElec   .          Harm     .   (no cloak)
rCorr   .          Rampage  .   (no gloves)
Will    .....                   g - +2 pair of boots
Stlth   ..........              (no amulet)
HPRegen 0.15/turn               (no ring)
MPRegen 0.09/turn               (no ring)

@: no status effects
A: horns 2, retaliatory headbutt
a: no special abilities


You were on level 3 of the Dungeon.
You visited 1 branch of the dungeon, and saw 3 of its levels.

You collected 85 gold pieces.

Inventory:

Hand Weapons
 a - a +0 flail (weapon)
Armour
 b - a +0 scale mail (worn)
 c - a +0 buckler (worn)
 g - a +2 pair of boots (worn)
Scrolls
 h - a scroll of summoning {unknown}
Potions
 d - a potion of might
 e - 2 potions of curing {unknown}
 f - a potion of heal wounds
 i - a potion of lignification {unknown}


   Skills:
 - Level 4.0 Fighting
 * Level 5.8 Maces & Flails
 - Level 4.0 Armour
 + Level 3.2 Dodging
 - Level 4.0 Shields


You had 4 spell levels left.
You didn't know any spells.
Your spell library contained the following spells:

 Spells                   Type           Power      Damage    Failure   Level
 Stone Arrow              Conj/Erth      0%         3d7       99%         3
 Animate Armour           Summ/Erth      0%         N/A       100%        4
 Petrify                  Tmut/Erth      0%         N/A       100%        4
 Metabolic Englaciation   Hex/Ice        0%         N/A       100%        5
 Statue Form              Tmut/Erth      0%         N/A       100%        6
 Lehudib's Crystal Spear  Conj/Erth      0%         10d2      100%        8


Dungeon Overview and Level Annotations

Branches:
Dungeon (3/15)

Altars:

Annotations:
D:3 reversiblehash's ghost, amateur MiFi


Innate Abilities, Weirdness & Mutations

You have a pair of horns on your head.
You reflexively headbutt those who attack you in melee.


Message History

The adder bites you but does no damage.
You hit the adder.
You kill the adder!
Reversiblehash's ghost misses you. You furiously retaliate!
You headbutt reversiblehash's ghost, but do no damage.
You thump reversiblehash's ghost!
Your headbutt misses reversiblehash's ghost.
Reversiblehash's ghost is moderately damaged.
Reversiblehash's ghost hits you but does no damage.
You sock reversiblehash's ghost! You headbutt reversiblehash's ghost!
Reversiblehash's ghost is severely damaged.
Reversiblehash's ghost closely misses you.
You barely miss reversiblehash's ghost.
Your headbutt misses reversiblehash's ghost.
Reversiblehash's ghost is severely damaged.
You block reversiblehash's ghost's attack.
You hit reversiblehash's ghost.
Reversiblehash's ghost is severely damaged.
Reversiblehash's ghost shrieks, "You will never get the ORB!"
Reversiblehash's ghost hits you!
You hit reversiblehash's ghost.
Reversiblehash's ghost is severely damaged.
You hear the slow rusting of a very distant drain.
Reversiblehash's ghost hits you.
Reversiblehash's ghost hits you but does no damage.
You barely miss reversiblehash's ghost.
Your headbutt misses reversiblehash's ghost.
Reversiblehash's ghost is severely damaged.
Reversiblehash's ghost hits you!
You hit reversiblehash's ghost. You headbutt reversiblehash's ghost.
Reversiblehash's ghost is severely damaged.
Reversiblehash's ghost barely misses you.
You barely miss reversiblehash's ghost.
Reversiblehash's ghost is severely damaged.
Reversiblehash's ghost hits you!
* * * LOW HITPOINT WARNING * * *
You barely miss reversiblehash's ghost.
Reversiblehash's ghost is severely damaged.
Reversiblehash's ghost hits you!
You die...

#......>.....#........
#....†....†...##...##
#..##...(.....##..)..
#........#...###...##
#..##.##.#...# ##.##.
###..##....#...# #.##.
...............# #.##.
#######.........#
#.##.
≈(≈≈≈≈W@.####...#
#†##. #######†.#
#...####<... ##...#
........... #...#
..#######.. ##..# #..
...# #†. #.## #.. #<.
... ###.


You could see reversiblehash's ghost.

Vanquished Creatures
  An ice beast (D:3)
  Natasha (thrice) (D:2)
  5 adders
  A worm (D:3)
  3 ball pythons
  3 endoplasms (D:1)
  A giant cockroach (D:2)
  6 goblins
  8 hobgoblins
  2 jackals (D:3)
  4 kobolds
  4 quokkas
  3 bats
  3 frilled lizards
  7 rats
54 creatures vanquished.

Vanquished Creatures (others)
  2 plants (D:2)
2 creatures vanquished.

Grand Total: 56 creatures vanquished

Notes
Turn   | Place    | Note
-------+----------+-------------------------------------------
     0 | D:1      | crazypyro the Minotaur Fighter began the quest for the Orb.
     0 | D:1      | Reached XP level 1. HP: 19/19 MP: 0/0
   224 | D:1      | Reached XP level 2. HP: 27/27 MP: 1/1
  1086 | D:2      | Reached skill level 1 in Dodging
  1086 | D:2      | Reached XP level 3. HP: 33/33 MP: 2/2
  1128 | D:2      | Reached skill level 3 in Maces & Flails
  1581 | D:2      | Found a faded altar of an unknown god.
  1705 | D:2      | Noticed Natasha
  1714 | D:2      | Killed Natasha
  1715 | D:2      | Reached skill level 4 in Maces & Flails
  1715 | D:2      | Reached XP level 4. HP: 8/40 MP: 3/3
  2196 | D:2      | Noticed Natasha
  2205 | D:2      | Killed Natasha
  2255 | D:2      | Noticed Natasha
  2269 | D:2      | Killed Natasha
  2270 | D:2      | Reached XP level 5. HP: 31/46 MP: 4/4
  2425 | D:3      | Found a runed translucent door.
  2436 | D:3      | Noticed an ice beast
  2445 | D:3      | Killed an ice beast
  2446 | D:3      | Reached skill level 5 in Maces & Flails
  2453 | D:3      | Noticed reversiblehash's ghost (amateur MiFi)
  2479 | D:3      | Slain by reversiblehash's ghost

Illustrated notes

Levels and vault maps discovered:
D:1:      dpeg_arrival_lava_temple_mockup, layout_loops_corners
D:2:      layout_basic, shapermc_ecumenical_altar_mp_urbaneastern,
          minmay_misc_feat_hallway, lemuel_flame_loot_1, uniq_natasha
D:3:      layout_loops_ring, serial_rivers, chequers_serial_rivers_micro_b,
          chequers_serial_rivers_small_a, chequers_serial_rivers_large_b,
          chequers_serial_rivers_room_b, chequers_serial_rivers_micro_c,
          cheibrodos_sewer_entry_bend, ebering_ghost_sewer_d

Skill      XL: |  1  2  3  4  5 |
---------------+----------------+-----
Fighting       | 4 |  4.0
Armour         | 4 |  4.0
Dodging        | 1 2 3 |  3.2
Shields        | 4 |  4.0
Maces & Flails | 4 5 |  5.8

Action                   |  1- 3 |  4- 6 || total
-------------------------+-------+-------++-------
Melee: Flail             |    86 |    61 ||   147
       Headbutt          |     8 |    14 ||    22
  Use: Scroll            |       |     2 ||     2
Armor: Scale mail        |    39 |    31 ||    70
Dodge: Dodged            |    38 |    38 ||    76
Block: Buckler           |    22 |    18 ||    40
